 Dungeon Crawl Stone Soup version 0.32-a0-738-g1a05c61809 (webtiles) character file.

Game seed: 17785202316218509744

1658288 Ajdolov the Hoplite (level 25, 250/250 HPs)
             Began as a Mountain Dwarf Fighter on Mar 17, 2024.
             Was a High Priest of Okawaru.
             Escaped with the Orb
             ... and 3 runes!
             The game lasted 03:20:35 (66550 turns).

Ajdolov the Hoplite (Mountain Dwarf Fighter)       Turns: 66550, Time: 03:20:36

Health: 250/250    AC: 53    Str: 37    XL:     25   Next: 11%
Magic:  34/34      EV:  7    Int: 13    God:    Okawaru [*****.]
Gold:   4591       SH: 39    Dex: 11    Spells: 24/24 levels left

rFire   + + .        P - +9 eveningstar (vamp)
rCold   + + .        s - +11 tower shield of Rotini {rElec rN+}
rNeg    + . .        T - +7 gold dragon scales
rPois   +            E - +2 helmet {Int+3}
rElec   +            Y - scarf {rC+ rF+}
rCorr   .            u - +2 pair of gloves "Jut Iroj" {Str+7}
SInv    +            x - +2 pair of boots
Will    +++..        K - amulet of the Amoeba {Reflect +Blink SH+5 SInv} Stlth
                     H - ring of the Hurling Gods {Will+ AC+4}
HPRegen 0.61/turn    O - ring of the Tortoise {AC+8}
MPRegen 0.24/turn

%: reflection
@: no status effects
A: runic magic, artefact enchanting, thin skeletal structure 1
0: Orb of Zot
}: 3/15 runes: decaying, silver, gossamer
a: Renounce Religion, Evoke Blink, Heroism, Finesse, Duel


You escaped.
You worshipped Okawaru.
Okawaru was extremely pleased with you.
You visited 10 branches of the dungeon, and saw 46 of its levels.
You also visited: Ice Cave.

You collected 9688 gold pieces.
You spent 5097 gold pieces at shops.

Inventory:

Hand Weapons
 P - a +9 vampiric eveningstar (weapon)
Missiles
 I - 15 curare-tipped darts
 Q - 17 javelins
 R - 23 silver javelins
 X - 31 boomerangs (quivered)
Armour
 s - the +11 tower shield of Rotini (worn) {rElec rN+}
   (You bought it in a shop on level 2 of the Orcish Mines)

   rElec:     It insulates you from electricity.
   rN+:       It protects you from negative energy.
 u - the +2 pair of gloves "Jut Iroj" (worn) {Str+7}
   (Okawaru gifted it to you on level 2 of the Lair of Beasts)

   Str+7:     It affects your strength (+7).
 x - a +2 pair of boots (worn)
 E - a +2 helmet of intelligence (worn)
 T - +7 gold dragon scales (worn)
 Y - a scarf of resistance (worn)
Jewellery
 c - the ring "Ikhli" {rCorr MP+9 Dex+6}
   (You found it on level 4 of the Spider Nest)

   [ring of magical power]

   Dex+6:     It affects your dexterity (+6).
   MP+9:      It affects your magic capacity (+9).
   rCorr:     It protects you from acid and corrosion.
 q - a ring of see invisible
 v - a ring of fire
 H - the ring of the Hurling Gods (left hand) {Will+ AC+4}
   (You found it on level 3 of the Vaults)

   [ring of protection]

   AC+4:      It affects your AC (+4).
   Will+:     It increases your willpower.
 K - the amulet of the Amoeba (around neck) {Reflect +Blink SH+5 SInv}
   (You bought it in a shop on level 1 of the Elven Halls)

   [amulet of reflection]

   Reflect:   It reflects blocked missile attacks.
   SInv:      It lets you see invisible.
   +Blink:    It lets you blink.
   SH+5:      It affects your SH (+5).
 O - the ring of the Tortoise (right hand) {AC+8}
   (You found it on level 2 of the Spider Nest)

   [ring of protection]

   AC+8:      It affects your AC (+8).
Wands
 d - a wand of paralysis (31)
 g - a wand of digging (13)
 F - a wand of quicksilver (13)
 J - a wand of flame (57)
 N - a wand of iceblast (30)
 S - a wand of mindburst (18)
 Z - a wand of polymorph (6)
Scrolls
 b - 8 scrolls of torment
 e - 10 scrolls of immolation
 f - 18 scrolls of teleportation
 j - a scroll of brand weapon
 k - 13 scrolls of fog
 m - 8 scrolls of noise
 r - a scroll of revelation
 y - 14 scrolls of fear
 A - 11 scrolls of vulnerability
 B - 7 scrolls of blinking
 C - 7 scrolls of poison
 G - 3 scrolls of silence
Potions
 a - 6 potions of lignification
 h - 3 potions of berserk rage
 l - 23 potions of curing
 n - 5 potions of invisibility
 o - 5 potions of cancellation
 p - 8 potions of mutation
 t - 6 potions of enlightenment
 w - 6 potions of attraction
 z - 9 potions of heal wounds
 D - 5 potions of resistance
 L - 8 potions of ambrosia
 U - a potion of haste
 V - 10 potions of might
Miscellaneous
 M - a phial of floods
 W - a tin of tremorstones (2/2)


   Skills:
 + Level 25.4 Fighting
 - Level 14.0(16.3) Axes
 - Level 14.0(16.3) Maces & Flails
 - Level 16.0 Throwing
 - Level 20.0 Armour
 - Level 25.4 Shields
 - Level 15.0 Invocations
 - Level 10.0 Evocations


You had 24 spell levels left.
You didn't know any spells.
Your spell library contained the following spells:

 Spells                   Type           Power      Damage    Failure   Level
 Kiss of Death            Conj/Necr      0%         2d5       47%         1
 Necrotise                Necr           0%         1d4       47%         1
 Sandblast                Erth           0%         2d4       47%         1
 Slow                     Hex            0%         N/A       47%         1
 Blink                    Tloc           0%         N/A       63%         2
 Cigotuvi's Dreadful Rot  Necr/Alch/Air  0%         N/A       63%         2
 Lesser Beckoning         Tloc           0%         N/A       63%         2
 Momentum Strike          Conj/Tloc      0%         3d8       63%         2
 Searing Ray              Conj           0%         2d4       63%         2
 Sublimation of Blood     Necr           0%         N/A       63%         2
 Confusing Touch          Hex            0%         N/A       85%         3
 Dazzling Flash           Conj/Hex       0%         N/A       85%         3
 Frozen Ramparts          Ice            0%         1d1       85%         3
 Fugue of the Fallen      Necr           0%         N/A       85%         3
 Gell's Gravitas          Tloc           0%         N/A       85%         3
 Inner Flame              Hex/Fire       0%         N/A       85%         3
 Mephitic Cloud           Conj/Alch/Air  0%         N/A       85%         3
 Ozocubu's Armour         Ice            0%         N/A       85%         3
 Passwall                 Erth           0%         N/A       85%         3
 Stone Arrow              Conj/Erth      0%         3d7       85%         3
 Teleport Other           Tloc           0%         N/A       85%         3
 Vampiric Draining        Necr           0%         2d6       85%         3
 Volatile Blastmotes      Fire/Tloc      0%         2d10      85%         3
 Brom's Barrelling Bould  Conj/Erth      0%         2d3       99%         4
 Dispel Undead            Necr           0%         3d6       99%         4
 Flame Wave               Conj/Fire      0%         2d4       99%         4
 Ignite Poison            Fire/Alch      0%         N/A       99%         4
 Leda's Liquefaction      Alch/Erth      0%         N/A       99%         4
 Passage of Golubria      Tloc           0%         N/A       99%         4
 Petrify                  Alch/Erth      0%         N/A       99%         4
 Sticky Flame             Fire/Alch      0%         2d4       99%         4
 Vhi's Electric Charge    Tloc/Air       0%         N/A       99%         4
 Alistair's Intoxication  Alch           0%         N/A       100%        5
 Arcjolt                  Conj/Air       0%         1d10      100%        5
 Curse of Agony           Necr           0%         N/A       100%        5
 Freezing Cloud           Conj/Ice/Air   0%         6-21      100%        5
 Irradiate                Conj/Alch      0%         3d11      100%        5
 Lee's Rapid Deconstruct  Erth           0%         3d4*      100%        5
 Metabolic Englaciation   Hex/Ice        0%         N/A       100%        5
 Silence                  Hex/Air        0%         N/A       100%        5
 Bombard                  Conj/Erth      0%         9d1       100%        6
 Dispersal                Tloc           0%         N/A       100%        6
 Eringya's Noxious Bog    Alch           0%         4d6       100%        6
 Permafrost Eruption      Ice/Erth       0%         2x4d2     100%        6
 Plasma Beam              Fire/Air       0%         2x1d10    100%        6
 Orb of Destruction       Conj           0%         9d5       100%        7
 Ozocubu's Refrigeration  Ice            0%         4d7       100%        7
 Borgnjor's Revivificati  Necr           0%         N/A       100%        8
 Ignition                 Fire           0%         3d3       100%        8
 Lehudib's Crystal Spear  Conj/Erth      0%         10d2      100%        8
 Death's Door             Necr           0%         N/A       100%        9
 Polar Vortex             Ice            0%         N/A       100%        9
 Martyr's Knell           Necr/Summ      Unusable   N/A       N/A         4
 Summon Blazeheart Golem  Fire/Summ      Unusable   N/A       N/A         4
 Summon Forest            Summ/Tloc      Unusable   N/A       N/A         5
 Sculpt Simulacrum        Ice/Alch       Unusable   N/A       N/A         6
 Haunt                    Necr/Summ      Unusable   N/A       N/A         7
 Spellforged Servitor     Conj/Summ      Unusable   N/A       N/A         7
 Summon Hydra             Summ           Unusable   N/A       N/A         7
 Infestation              Necr           Unusable   N/A       N/A         8

Dungeon Overview and Level Annotations

Branches:
Dungeon (15/15)            Temple (1/1) D:6            Lair (4/5) D:9
  Swamp (4/4) Lair:3       Spider (4/4) Lair:2        Slime (0/5) Lair:4
    Orc (2/2) D:9             Elf (2/3) Orc:2        Vaults (5/5) D:14
  Crypt (0/3) Vaults:2     Depths (4/4) D:15            Zot (5/5) Depths:4
  IceCv (visited)

Altars:
Ashenzari
Cheibriados
Dithmenos
Elyvilon
Fedhas
Gozag
Hepliaklqana
Kikubaaqudgha
Makhleb
Nemelex Xobeh
Okawaru
Qazlal
Ru
Sif Muna
Trog
Uskayaw
Vehumet
Wu Jian
Xom
Yredelemnul
Zin
The Shining One
Beogh
Lugonu

Shops:
D:4 [   D:5 *   D:6 (   D:7 :   D:8 ?   Orc:2 (:[*   Elf:1 ??=**   Elf:2 ((
Vaults:1 [   Vaults:2 (   Depths:1 *==[

Portals:
Hell: Depths:1 Depths:2 Depths:3 Depths:4
Abyss: Depths:2 Depths:3 Depths:4
Pandemonium: Depths:2
Ziggurat: Depths:2

Annotations:
D:5 2 transporters, 4 runed translucent doors, Crazy Yiuf; kwel01's ghost, novice TrMo
D:8 2 transporters, grizmgrazm2's ghost, novice TrFi
D:11 3 runed translucent doors, 2 transporters, lurch's ghost, journeyman DrFE
Lair:4 exclusion: 2 oklob plants
Swamp:1 3 runed translucent doors, niknal's ghost, journeyman MDSu
Orc:1 2 transporters, Mousus6's ghost, journeyman TrAl
Elf:2 3 runed translucent doors
Vaults:1 1 runed translucent door, Lolleill's ghost, adept DgSh
Depths:4 exclusion: 2 doors
Zot:3 2 transporters


Innate Abilities, Weirdness & Mutations

Your spellcasting is much less encumbered by armour.
You can use scrolls of enchantment on lesser artefacts.
You have a somewhat thin skeletal structure. (Dex +2, Stealth+)


Message History

The lorocyproca hits you but does no damage.
You hit the lorocyproca but do no damage.
You impale the lorocyproca!!
The lorocyproca is moderately wounded.
You block the lorocyproca's attack.
You puncture the lorocyproca!
The lorocyproca is heavily wounded.
You block the lorocyproca's attack.
You crush the lorocyproca like a grape!!!
You kill the lorocyproca!
Okawaru accepts your kill.
No target in view!
There is an open door here.
You see here 3 stones.
You see here a +0 short sword.
There is an open door here.
There is a staircase leading out of the dungeon here.
You feel extremely strange.
You feel more energetic.
You feel agile.
You no longer feel strong-willed.
You feel more energetic.
You feel a strange attunement to the structure of the dungeons.
You feel stupid.
You feel extremely strange.
You feel clever.
You feel slightly disoriented. A pair of horns grows on your head!
Your +2 helmet of intelligence falls away!
You feel stupid.
You feel stupid. The horns on your head grow some more.
You feel extremely strange.
You feel clever. The horns on your head shrink a bit.
The horns on your head shrink away.
Your bones become slightly less dense.
Okay, then.
You start putting on your armour.
You continue putting on your +2 helmet of intelligence. x4
You finish putting on your +2 helmet of intelligence.
You feel clever.
Unknown command.
You start resting.
Magic restored.
You have escaped!

# ##..#####≈≈≈§≈§§#####..###... #
##.### #≈§≈.....§§≈# ###.##..# #
#.## #....)......# ##[##.# ####.#
######'###### #.##.# ..##.#####
###ß'ß#ß### #####.##..
..#.##...###.........###..≈##.#..
..#.#....##.......(...##..§≈#.#..
..#.#....#............##..g≈#.#..
..#.'...........@..(..ß'..g≈'.#..
..#.#....#............'#...§#.#..
..#.#....##...........##..§≈#.#..
..#.##...###.........###.§≈##.#..
..##.##### ####ß'ß#### ######.##.
####.# ######(###### #.###. #.##
#.....(.....# ##.# #. #####.###
#≈≈≈.....≈≈≈# ###.## ##
...###..#####≈≈≈≈§§§#####..## #


There were no monsters in sight!

Vanquished Creatures
  3 ancient liches
  5 orbs of fire
  3 dread liches
  Mara (Arena)
  Sojobo (Vaults:5)
  the Lernaean hydra (Swamp:4)
  2 Killer Klowns (Zot:5)
  Bai Suzhen (Vaults:3)
  6 golden dragons
  the Enchantress (Depths:3)
  A Tzitzimitl (Depths:1)
  An electric golem (Zot:5)
  2 Hell Sentinels
  Rupert (D:13)
  9 tentacled monstrosities
  21 Orb Guardians (Zot:5)
  2 liches
  A walking earthen tome (Depths:1)
  5 titans
  Asterion (Elf:1)
  A walking crystal tome (Depths:1)
  9 sphinxes
  4 death cobs
  5 quicksilver dragons
  Gastronok (Lair:3)
  Kirke (Spider:1)
  Agnes (D:14)
  15 storm dragons
  10 tengu reavers
  8 shadow dragons
  2 thorn hunters (Swamp:2)
  Roxanne (Elf:2)
  Donald (Elf:2)
  A fenstrider witch (Swamp:1)
  A protean progenitor (Zot:1)
  3 draconian monks
  12 fire giants
  A daeva (D:9)
  The ghost of Niotaic the Hermetic, an adept OpAl of Ashenzari (Arena)
  7 draconian knights
  2 draconian shifters
  4 draconian scorchers
  10 frost giants
  A demonspawn warmonger (Depths:2)
  Louise (Elf:1)
  2 balrugs
  8 ghost moths
  3 emperor scorpions
  14 vault wardens
  2 draconian stormcallers
  A ghoul (Vaults:2)
  An iron dragon (Depths:1)
  20 ironbound preservers
  3 spriggan defenders (Depths:3)
  A reaper (Depths:2)
  10 very ugly things
  4 draconian annihilators
  2 formless jellyfish
  2 demonspawn blood saints (D:15)
  2 broodmothers
  8 ironbound thunderhulks
  2 vampire knights
  4 orc warlords
  16 stone giants
  4 eleionomae
  3 deep elf death magi
  5 green draconians
  2 war gargoyles
  2 lorocyprocas
  8 red draconians
  2 deep elf annihilators
  5 dire elephants
  2 yellow draconians (Zot:5)
  9 spark wasps
  6 purple draconians
  5 deep elf demonologists
  Nessos (D:15)
  2 white draconians
  2 black draconians
  3 bunyips
  A blizzard demon (Depths:2)
  6 ettins
  A shambling mangrove (Swamp:3)
  14 yaktaur captains
  9 fire dragons
  A merfolk impaler (Depths:3)
  2 jiangshi (Depths:2)
  6 entropy weavers
  Erolcha (D:12)
  A hell beast (D:7)
  5 deep elf high priests
  8 great orbs of eyes
  4 rakshasas
  34 vault guards
  8 spriggan air magi
  6 jorogumos
  9 alligators
  23 hydras
  8 ice dragons
  3 radroaches
  4 ironbound frosthearts
  2 catoblepae (Lair:1)
  5 two-headed ogres
  3 dancing weapons
  A ghost crab (Swamp:3)
  A peacekeeper (Vaults:2)
  20 centaur warriors
  A death knight (D:15)
  14 deep troll earth magi
  25 tengu warriors
  8 death scarabs (Spider:4)
  4 boulder beetles
  2 occultists
  4 vampire magi
  4 demonic crawlers
  A spectral emperor scorpion (Spider:4)
  8 deep troll shamans
  4 orc high priests
  4 soul eaters
  Amaemon (Lair:1)
  9 deep elf knights
  10 spriggan berserkers
  4 hell hogs (Depths:2)
  7 hell knights
  11 iron trolls
  7 sun demons
  29 skeletal warriors
  A spectral ghost moth (Spider:4)
  A storm dragon skeleton (Depths:1)
  A skyshark (Lair:2)
  A skyshark (shapeshifter) (Vaults:5)
  2 quicksilver dragon simulacra (Depths:2)
  8 goliath frogs
  A sea snake (shapeshifter) (Vaults:2)
  3 orb spiders
  10 pharaoh ants
  5 glowing orange brains
  60 deep trolls
  A sun moth (shapeshifter) (Depths:1)
  3 large abominations (Elf:1)
  12 deep elf archers
  10 swamp dragons
  An orb spider (shapeshifter) (Vaults:2)
  16 bog bodies
  2 sun moths (Spider:4)
  4 death drakes
  5 lindwurms
  10 necromancers
  13 ironbound convokers
  A flayed ghost (Depths:1)
  9 deep elf zephyrmancers
  A steelbarb worm (shapeshifter) (Vaults:2)
  12 steelbarb worms
  6 spriggan druids
  A thermic dynamo (Elf:2)
  12 arcanists
  8 harpies
  3 phantasmal warriors
  A spectral jorogumo (Spider:4)
  2 spectral wolf spiders (Spider:4)
  24 wolf spiders
  5 orc sorcerers
  26 ugly things
  10 orc knights
  5 cyclopes
  An ugly thing (shapeshifter) (Vaults:5)
  6 will-o-the-wisps
  15 deep elf pyromancers
  A cyclops (shapeshifter) (Vaults:2)
  2 shining eyes (shapeshifter) (Vaults:5)
  An oklob plant (Orc:2)
  A manticore (D:12)
  3 rust devils
  A black mamba (Lair:4)
  18 meliai
  14 moths of wrath
  23 vault sentinels
  2 ice statues
  2 kobold blastminers (Orc:2)
  2 water nymphs (shapeshifter)
  3 orange demons
  An eye of devastation (shapeshifter) (Depths:1)
  5 torpor snails
  An unseen horror (D:12)
  5 cane toads
  2 emperor scorpion simulacra (Spider:4)
  2 spectral redbacks (Spider:4)
  41 yaktaurs
  3 efreet
  5 kobold demonologists
  2 rime drakes (Lair:4)
  Maggie (Lair:1)
  5 komodo dragons
  4 tengu conjurers
  10 freezing wraiths
  A ghost moth simulacrum (Spider:4)
  A hellwing (D:8)
  5 harpy zombies (D:14)
  5 red devils
  4 ice devils
  4 trolls
  A bloated husk (Swamp:1)
  2 polar bears (Lair:1)
  A troll (shapeshifter) (D:14)
  A merfolk (shapeshifter) (Vaults:2)
  A wolf spider simulacrum (Spider:4)
  20 hornets
  4 tyrant leeches
  2 spectral jumping spiders (Spider:4)
  23 tarantellas
  A culicivora zombie (Spider:4)
  A jumping spider zombie (Spider:4)
  A spectral culicivora (Spider:4)
  Prince Ribbit (Lair:1)
  A spectral tarantella (Spider:4)
  2 glass eyes (Depths:1)
  A dream sheep (shapeshifter) (Vaults:5)
  19 blink frogs
  A fire giant simulacrum (Depths:1)
  26 jumping spiders
  15 culicivoras
  A tarantella zombie (Spider:4)
  A shadow (D:12)
  54 slime creatures
  A ynoxinul (Depths:1)
  5 wraiths
  3 vampires
  3 air elementals (Elf:2)
  23 humans
  26 spriggans
  6 wyverns
  9 water elementals
  A hog (Spider:1)
  2 dire elephant simulacra (IceCv)
  50 yaks
  3 basilisks
  20 fire elementals
  A steam dragon (D:6)
  A death yak simulacrum (IceCv)
  A golden eye (shapeshifter) (D:15)
  13 vampire mosquitoes
  34 redbacks
  3 wargs (Orc:2)
  A redback (shapeshifter) (Vaults:5)
  A harpy simulacrum (IceCv)
  15 swamp worms
  3 acid dragons
  A hydra simulacrum (IceCv)
  8 water moccasins
  12 swamp drakes
  A glowing shapeshifter skeleton (Depths:1)
  A black bear (D:7)
  27 orc warriors
  A sky beast (shapeshifter) (Elf:1)
  3 laughing skulls
  6 ogres
  3 ettin simulacra (Depths:2)
  2 sky beasts
  13 wolves
  8 centaurs
  2 phantoms (D:5)
  7 kobold brigands
  2 elf zombies (Elf:1)
  Blork the orc (D:5)
  11 bullfrogs
  2 scorpions
  2 two-headed ogre simulacra (IceCv)
  An earth elemental (Elf:1)
  A gnoll sergeant (D:9)
  3 cane toad simulacra (IceCv)
  A wyvern zombie (D:5)
  3 wights
  7 killer bees (D:7)
  An elephant simulacrum (IceCv)
  3 howler monkeys
  3 vampire bats (Lair:2)
  2 electric eels (Spider:2)
  3 jellies
  4 crimson imps (D:13)
  A bombardier beetle (D:5)
  A human zombie (D:5)
  3 quasits
  A centaur zombie (D:5)
  4 hounds
  25 orc priests
  A scorpion zombie (D:5)
  3 iguanas
  28 orc wizards
  4 spriggan simulacra (IceCv)
  A polar bear simulacrum (IceCv)
  10 troll simulacra (IceCv)
  4 hound zombies (D:5)
  A hound skeleton (D:5)
  2 gnolls (D:6)
  7 adders
  5 naga simulacra (IceCv)
  3 shadow imps
  10 white imps
  7 ufetubi
  2 adder zombies (D:5)
  2 dart slugs
  2 ribbon worms
  85 orcs
  9 ball pythons
  15 bats
  7 endoplasms
  4 giant cockroaches
  12 goblins
  12 hobgoblins
  3 jackals
  26 kobolds
  3 quokkas
  2 frilled lizards (D:2)
  9 rats
2042 creatures vanquished.

Vanquished Creatures (others)
  A bog body (IceCv)
  A necromancer (D:14)
  A deep elf pyromancer (Elf:1)
  A moth of wrath (Zot:1)
  A bloated husk (Swamp:1)
  28 foxfires
33 creatures vanquished.

Grand Total: 2075 creatures vanquished

Notes
Turn   | Place    | Note
-------+----------+-------------------------------------------
     0 | D:1      | Ajdolov the Mountain Dwarf Fighter began the quest for the
                  | Orb.
     0 | D:1      | Reached XP level 1. HP: 19/19 MP: 1/1
   203 | D:1      | Reached XP level 2. HP: 22/26 MP: 2/2
   305 | D:1      | Found a faded altar of an unknown god.
   555 | D:1      | Reached XP level 3. HP: 28/31 MP: 3/3
  1421 | D:2      | Reached skill level 5 in Maces & Flails
  1744 | D:3      | Reached XP level 4. HP: 30/38 MP: 4/4
  1964 | D:3      | Found a broken altar of Ashenzari.
  2581 | D:4      | Found Oneif's Antique Armour Shop.
  2581 | D:4      | Noticed a scorpion
  2600 | D:4      | Killed a scorpion
  2601 | D:4      | Reached XP level 5. HP: 13/45 MP: 5/5
  3087 | D:4      | Found a sacrificial altar of Ru.
  3191 | D:3      | Reached XP level 6. HP: 13/51 MP: 6/6
  4184 | D:5      | Entered Level 5 of the Dungeon
  4302 | D:5      | Found a transporter.
  4326 | D:5      | Found a transporter.
  4341 | D:5      | Found Cerph's General Store.
  4522 | D:5      | Found a runed translucent door.
  4523 | D:5      | Noticed Crazy Yiuf
  4613 | D:5      | Reached XP level 7. HP: 47/57 MP: 7/7
  4879 | D:5      | Reached skill level 10 in Maces & Flails
  5152 | D:5      | Found an ancient bone altar of Kikubaaqudgha.
  5499 | D:5      | Found a runed translucent gate.
  5499 | D:5      | Found a runed translucent gate.
  5499 | D:5      | Found a runed translucent gate.
  5499 | D:5      | Noticed kwel01's ghost (novice TrMo)
  5511 | D:5      | Reached XP level 8. HP: 59/63 MP: 8/8
  5522 | D:5      | Noticed Blork the orc
  5524 | D:5      | Found a basalt altar of Yredelemnul.
  5544 | D:5      | Killed Blork the orc
  5770 | D:6      | Noticed a two-headed ogre
  6220 | D:6      | Reached skill level 5 in Fighting
  6701 | D:6      | Found Juheman's Firing Range.
  6894 | D:7      | Reached XP level 9. HP: 75/77 MP: 9/9
  7359 | D:7      | Found an opulent altar of Gozag.
  7614 | D:7      | Reached skill level 10 in Fighting
  7699 | D:7      | Found Olaobust's Tremendous Tomes.
  7745 | D:7      | Found an ornate altar of the Wu Jian Council.
  7951 | D:6      | Killed a two-headed ogre
  8001 | D:6      | Found a staircase to the Ecumenical Temple.
  8044 | Temple   | Entered the Ecumenical Temple
  8067 | D:6      | Found a shimmering blue altar of Sif Muna.
  8173 | D:6      | Found an iron altar of Okawaru.
  8198 | D:6      | Became a worshipper of Warmaster Okawaru
  8259 | D:8      | Found Xinunu's Magic Scroll Emporium.
  8268 | D:8      | Bought a scroll of identify for 22 gold pieces
  8268 | D:8      | Bought a scroll of identify for 22 gold pieces
  8268 | D:8      | Bought a scroll of teleportation for 33 gold pieces
  8268 | D:8      | Bought a scroll of blinking for 82 gold pieces
  8325 | D:8      | Reached XP level 10. HP: 97/97 MP: 10/10
  8462 | D:8      | Found a glowing silver altar of Zin.
  8462 | D:8      | Found a shadowy altar of Dithmenos.
  8464 | D:8      | Found a burning altar of Makhleb.
  8557 | D:8      | Found a shimmering altar of Xom.
  8788 | D:8      | Found a blossoming altar of Fedhas.
  8894 | D:7      | Reached skill level 1 in Invocations
  9002 | D:8      | Found a transporter.
  9031 | D:8      | Noticed a purple ugly thing
  9033 | D:8      | Noticed grizmgrazm2's ghost (novice TrFi)
  9040 | D:8      | Found a transporter.
  9791 | D:9      | Found a staircase to the Lair.
  9837 | D:9      | Identified the +3 leather armour "Oxyronin" {rN+ Will++
                  | Regen+ Int-3}
  9867 | D:9      | Reached skill level 5 in Invocations
  9964 | D:9      | Reached * piety under Okawaru
 10018 | D:9      | Identified the +2 ring mail of the Forest {rC+ Str+4}
 10050 | D:9      | Noticed a rust devil
 10059 | D:9      | Found a staircase to the Orcish Mines.
 10469 | D:9      | Killed a rust devil
 10469 | D:9      | Reached ** piety under Okawaru
 10678 | D:9      | Found a roughly hewn altar of Beogh.
 10896 | D:9      | Found a radiant altar of Vehumet.
 11194 | D:9      | You fall into a shaft and drop 3 floors!
 11263 | D:10     | Entered Level 10 of the Dungeon
 11335 | D:8      | Reached skill level 10 in Invocations
 11343 | D:8      | HP: 4/97 [poisoned by a red devil]
 11800 | D:9      | Noticed an orange demon
 11933 | D:9      | Killed an orange demon
 11933 | D:9      | Reached *** piety under Okawaru
 12187 | D:10     | Noticed a two-headed ogre
 12214 | D:10     | Noticed a two-headed ogre
 12344 | D:10     | Reached XP level 11. HP: 103/104 MP: 18/18
 12708 | D:10     | Reached skill level 1 in Evocations
 12713 | D:10     | Found a sparkling altar of Nemelex Xobeh.
 12731 | D:10     | Paralysed by a kobold for 2 turns
 12810 | D:10     | Killed a two-headed ogre
 12810 | D:10     | Reached **** piety under Okawaru
 13032 | D:10     | Killed a two-headed ogre
 13069 | D:10     | Reached skill level 5 in Evocations
 13310 | D:4      | Bought a brightly glowing chain mail for 313 gold pieces
 13310 | D:4      | Identified the +4 chain mail "Vuawn" {+Inv rPois Int+3}
                  | (You bought it in a shop on level 4 of the Dungeon)
 13441 | D:11     | Found a runed translucent gate.
 13441 | D:11     | Found a runed translucent gate.
 13442 | D:11     | Found a runed translucent gate.
 13443 | D:11     | Found an opulent altar of Gozag.
 13443 | D:11     | Noticed a stone giant
 13445 | D:11     | Noticed lurch's ghost (journeyman DrFE)
 13468 | D:11     | Found a shimmering blue altar of Sif Muna.
 13784 | D:11     | Found a transporter.
 13784 | D:11     | Noticed a purple ugly thing
 13799 | D:11     | Found a corrupted altar of Lugonu.
 13799 | D:11     | Noticed a large abomination
 13801 | D:11     | Noticed a green ugly thing
 13850 | D:11     | Found a transporter.
 13851 | D:11     | Noticed a harpy
 13851 | D:11     | Noticed a purple ugly thing
 13851 | D:11     | Noticed a white ugly thing
 14053 | Lair:1   | Entered Level 1 of the Lair of Beasts
 14079 | Lair:1   | Reached skill level 5 in Armour
 14088 | Lair:1   | Reached ***** piety under Okawaru
 14255 | Lair:1   | Noticed Maggie
 14271 | Lair:1   | Killed Maggie
 14297 | Lair:1   | Reached skill level 1 in Axes
 14585 | Lair:1   | Noticed Amaemon
 14595 | Lair:1   | Reached skill level 5 in Axes
 14920 | Lair:1   | Received a gift from Okawaru
 14946 | Lair:1   | Reached XP level 12. HP: 70/112 MP: 19/19
 15953 | Lair:1   | Killed Amaemon
 16090 | Lair:2   | Noticed a boulder beetle
 16104 | Lair:2   | Killed a boulder beetle
 16105 | Lair:2   | Reached skill level 10 in Axes
 16154 | Lair:2   | Noticed a seven-headed hydra
 16227 | Lair:2   | Noticed Prince Ribbit
 16257 | Lair:1   | Received a gift from Okawaru
 16666 | Lair:2   | Noticed a catoblepas
 16702 | Lair:1   | Killed a catoblepas
 16763 | Lair:1   | Killed Prince Ribbit
 17186 | Lair:2   | Noticed a catoblepas
 17199 | Lair:1   | Killed a catoblepas
 17784 | Lair:2   | Killed a seven-headed hydra
 17786 | Lair:2   | Found a hole to the Spider Nest.
 18060 | Lair:3   | Found a staircase to the Swamp.
 18060 | Lair:3   | Noticed Gastronok
 18085 | Lair:2   | Received a gift from Okawaru
 18227 | Lair:3   | Reached ****** piety under Okawaru
 18260 | Lair:2   | Acquired a +2 eveningstar of protection
 18260 | Lair:2   | Received a gift from Okawaru
 18268 | Lair:2   | Acquired the +0 pair of gloves "Jut Iroj" {Str+7}
 18268 | Lair:2   | Received a gift from Okawaru
 18448 | Lair:3   | Killed Gastronok
 18449 | Lair:3   | Reached XP level 13. HP: 118/118 MP: 13/20
 18485 | Lair:2   | Reached skill level 5 in Shields
 19496 | Lair:4   | Found a frozen archway.
 19500 | IceCv    | Entered an ice cave
 19795 | IceCv    | Received a gift from Okawaru
 20207 | IceCv    | Identified the stafffire "Undertaker" {rF+ rC++ Dex-5 Fire}
 20770 | Lair:4   | Received a gift from Okawaru
 21229 | Lair:4   | Found a staircase to the Slime Pits.
 21683 | D:12     | Noticed Erolcha
 21699 | D:12     | Killed Erolcha
 21835 | D:12     | Reached skill level 10 in Armour
 21978 | D:12     | Received a gift from Okawaru
 22674 | D:12     | Reached XP level 14. HP: 122/126 MP: 21/21
 23003 | Orc:1    | Entered Level 1 of the Orcish Mines
 23220 | Orc:1    | Found a roughly hewn altar of Beogh.
 23455 | Orc:1    | Reached skill level 1 in Throwing
 23576 | Orc:1    | Found a bloodstained altar of Trog.
 23576 | Orc:1    | Noticed Mousus6's ghost (journeyman TrAl)
 23578 | Orc:1    | Found a transporter.
 23593 | Orc:1    | Found a transporter.
 23768 | Orc:2    | Entered Level 2 of the Orcish Mines
 24271 | Orc:2    | Noticed an orc warlord
 24336 | Orc:2    | Killed an orc warlord
 24543 | Orc:2    | Paralysed by an orc sorcerer for 3 turns
 25050 | Orc:2    | Reached skill level 5 in Throwing
 25098 | Orc:2    | Found Tuucs's General Store.
 25099 | Orc:2    | Found Lunue's Book Boutique.
 25101 | Orc:2    | Found Lihohat's Antique Armour Boutique.
 25101 | Orc:2    | Found Pewiffe's Antique Weapon Shop.
 25106 | Orc:2    | Bought a distressingly furry tower shield for 323 gold
                  | pieces
 25106 | Orc:2    | Identified the +11 tower shield of Rotini {rElec rN+} (You
                  | bought it in a shop on level 2 of the Orcish Mines)
 25128 | Orc:2    | Bought 2 potions of resistance for 280 gold pieces
 25521 | Orc:2    | Found a staircase to the Elven Halls.
 25992 | D:13     | Received a gift from Okawaru
 26155 | D:13     | Reached skill level 10 in Shields
 26210 | D:13     | Noticed Rupert
 26225 | D:13     | Killed Rupert
 26490 | D:13     | Received a gift from Okawaru
 26633 | D:13     | Found a shimmering altar of Xom.
 27499 | D:14     | Reached XP level 15. HP: 132/132 MP: 22/22
 27716 | D:14     | Received a gift from Okawaru
 27832 | D:14     | Identified the +5 leather armour of Midsummer {rPois}
 27935 | D:14     | Found a gate to the Vaults.
 27982 | D:14     | Received a gift from Okawaru
 28358 | D:14     | Reached skill level 15 in Shields
 28541 | D:14     | Received a gift from Okawaru
 28584 | D:14     | Noticed Agnes
 28592 | D:14     | Killed Agnes
 29427 | D:14     | Received a gift from Okawaru
 29649 | D:15     | Entered Level 15 of the Dungeon
 29760 | D:15     | Noticed Nessos
 30032 | D:15     | Reached XP level 16. HP: 127/139 MP: 26/26
 30033 | D:15     | Killed Nessos
 30063 | D:15     | Identified the amulet "Erhux" {rF- Regen+ RegenMP+ rCorr
                  | Int+3}
 30089 | D:15     | Reached skill level 15 in Invocations
 30322 | D:15     | Found a staircase to the Depths.
 30423 | D:15     | Received a gift from Okawaru
 31252 | Orc:2    | Bought 2 potions of enlightenment for 140 gold pieces
 31252 | Orc:2    | Bought a potion of enlightenment for 70 gold pieces
 31392 | Swamp:1  | Entered Level 1 of the Swamp
 32157 | Swamp:1  | Received a gift from Okawaru
 32193 | Swamp:1  | Found a runed translucent gate.
 32193 | Swamp:1  | Found a runed translucent gate.
 32193 | Swamp:1  | Found a runed translucent gate.
 32195 | Swamp:1  | Noticed niknal's ghost (journeyman MDSu)
 32581 | Swamp:2  | Reached skill level 15 in Fighting
 32653 | Swamp:2  | Noticed a tentacled monstrosity
 32668 | Swamp:2  | Killed a tentacled monstrosity
 32742 | Swamp:1  | Received a gift from Okawaru
 33113 | Swamp:2  | Noticed a thorn hunter
 33127 | Swamp:2  | Killed a thorn hunter
 33201 | Swamp:2  | Noticed a thorn hunter
 33215 | Swamp:2  | Killed a thorn hunter
 33757 | Swamp:3  | Received a gift from Okawaru
 33816 | Swamp:3  | Found an ornate altar of the Wu Jian Council.
 34161 | Swamp:3  | Reached XP level 17. HP: 152/156 MP: 28/28
 34541 | Swamp:3  | Received a gift from Okawaru
 34806 | Spider:1 | Entered Level 1 of the Spider Nest
 35221 | Orc:2    | Bought a ring of see invisible for 210 gold pieces
 35689 | Spider:1 | Received a gift from Okawaru
 35707 | Spider:1 | Noticed Kirke
 35721 | Spider:1 | Killed Kirke
 35722 | Spider:1 | Reached skill level 15 in Armour
 36210 | Spider:1 | You fall into a shaft and drop 1 floor!
 36677 | Spider:2 | Found the ring of the Tortoise {AC+8}
 37054 | Spider:2 | Received a gift from Okawaru
 38052 | Spider:3 | Noticed Mara
 38058 | Arena    | Entered the Arena
 38081 | Arena    | Noticed Ajdolov's illusion
 38096 | Arena    | Noticed Ajdolov's illusion
 38108 | Arena    | Killed Mara
 38108 | Arena    | Received a gift from Okawaru
 38731 | Spider:4 | Entered Level 4 of the Spider Nest
 38884 | Spider:3 | Reached XP level 18. HP: 172/172 MP: 29/29
 38955 | Spider:4 | Received a gift from Okawaru
 39240 | Spider:4 | Noticed Niotaic's ghost (adept OpAl)
 39241 | Spider:4 | Found a transporter.
 39527 | Spider:4 | Found a transporter.
 39562 | Arena    | Entered the Arena
 39583 | Arena    | Killed Niotaic's ghost
 39638 | Spider:4 | Identified the ring "Ikhli" {rCorr MP+9 Dex+6}
 39798 | Spider:4 | Reached skill level 10 in Throwing
 40491 | Spider:4 | Received a gift from Okawaru
 41205 | Spider:4 | Received a gift from Okawaru
 41232 | Spider:4 | Got a gossamer rune of Zot
 41613 | Swamp:4  | Entered Level 4 of the Swamp
 41824 | Swamp:4  | Noticed the 27-headed Lernaean hydra
 41835 | Swamp:4  | Killed the 27-headed Lernaean hydra
 41943 | Swamp:4  | Got a decaying rune of Zot
 41969 | Swamp:4  | Received a gift from Okawaru
 43264 | D:6      | Bought 5 javelins for 165 gold pieces
 43467 | Vaults:1 | Entered Level 1 of the Vaults
 43569 | Vaults:1 | Reached XP level 19. HP: 179/179 MP: 30/30
 43625 | Vaults:1 | Received a gift from Okawaru
 43967 | Vaults:1 | Found a runed translucent door.
 43969 | Vaults:1 | Noticed Lolleill's ghost (adept DgSh)
 44131 | Vaults:1 | Found Gele's Antique Armour Emporium.
 44139 | Vaults:1 | Bought a runed helmet for 352 gold pieces
 44341 | Vaults:1 | Received a gift from Okawaru
 45254 | Vaults:2 | Found Kudag's Weapon Shop.
 45887 | Vaults:2 | Received a gift from Okawaru
 46209 | Vaults:2 | Found a staircase to the Crypt.
 46505 | Vaults:2 | Identified the +0 scale mail of the Saviour {rElec rC+
                  | MP-9}
 46649 | Vaults:3 | Received a gift from Okawaru
 46937 | Vaults:3 | Reached XP level 20. HP: 151/187 MP: 31/31
 47250 | Vaults:3 | Identified the ring of the Hurling Gods {Will+ AC+4}
 47262 | Vaults:3 | Identified the ring of Keejutoo {Fire *Slow Str+4 Dex+5}
 47350 | Vaults:3 | Noticed Bai Suzhen
 47363 | Vaults:3 | Killed Bai Suzhen
 48357 | Vaults:4 | Received a gift from Okawaru
 48358 | Vaults:4 | Reached skill level 15 in Throwing
 49166 | Vaults:4 | Received a gift from Okawaru
 50079 | Depths:1 | Entered Level 1 of the Depths
 50697 | Depths:1 | Received a gift from Okawaru
 51812 | Depths:1 | Reached skill level 10 in Evocations
 51840 | Depths:1 | Received a gift from Okawaru
 52025 | Depths:1 | Reached XP level 21. HP: 186/194 MP: 32/32
 52117 | Depths:1 | Found a gateway to Hell.
 52143 | Depths:1 | Found Hoypax's Jewellery Emporium.
 52143 | Depths:1 | Found Keiqee's Armour Boutique.
 52152 | Depths:1 | Found Ypedghoe's General Store.
 52152 | Depths:1 | Found Roeneq's Jewellery Emporium.
 52202 | Depths:1 | Bought an amulet of reflection for 360 gold pieces
 52211 | Depths:1 | Bought a scroll of teleportation for 48 gold pieces
 52211 | Depths:1 | Bought a wand of iceblast (4) for 153 gold pieces
 52919 | Depths:2 | Received a gift from Okawaru
 53033 | Depths:2 | Found a radiant altar of Vehumet.
 53037 | Depths:2 | Found a one-way gateway to a ziggurat.
 53301 | Depths:2 | Received a gift from Okawaru
 53570 | Depths:2 | Identified the +3 spear "Rilurem" {freeze, +Blink rN+ Dex+4
                  | Stlth+}
 53906 | Depths:2 | Found a bloodstained altar of Trog.
 53908 | Depths:2 | Found a one-way gate leading to the halls of Pandemonium.
 53915 | Depths:2 | Noticed a golden dragon
 53931 | Depths:2 | Killed a golden dragon
 53931 | Depths:2 | Received a gift from Okawaru
 53984 | Depths:2 | Found a glowing silver altar of Zin.
 53984 | Depths:2 | Found a one-way gate to the infinite horrors of the Abyss.
 54311 | Arena    | Entered the Arena
 54427 | Depths:2 | Found an ornate altar of the Wu Jian Council.
 54911 | Depths:2 | Received a gift from Okawaru
 55232 | Depths:3 | Noticed the Enchantress
 55256 | Depths:3 | Killed the Enchantress
 55257 | Depths:3 | Reached XP level 22. HP: 189/202 MP: 27/33
 55331 | Depths:3 | Received a gift from Okawaru
 55653 | Depths:3 | Found a white marble altar of Elyvilon.
 55823 | Depths:3 | Found a corrupted altar of Lugonu.
 56190 | Depths:4 | Entered Level 4 of the Depths
 56438 | Depths:4 | Received a gift from Okawaru
 57248 | Depths:4 | Found a gate to the Realm of Zot.
 57255 | Depths:4 | Noticed a golden dragon
 57264 | Arena    | Entered the Arena
 57269 | Arena    | Killed a golden dragon
 57566 | Depths:4 | Identified the +0 pair of gloves of Cynicism {rF- Str+6}
 58044 | Vaults:5 | Entered Level 5 of the Vaults
 58084 | Vaults:5 | Noticed a golden dragon
 58091 | Vaults:5 | Identified the +4 shortbow "Ynnujul" {freeze, Will+}
 58097 | Vaults:5 | Killed a golden dragon
 58115 | Vaults:5 | Identified the staffcold of Death {rPois rC+ Str-3 Stlth+
                  | Ice}
 58148 | Vaults:5 | Identified the ring of the Magpie {rPois rF- rC+ Int+4}
 58251 | Vaults:5 | Identified the +4 arbalest of the Ghost {heavy, rC+ Int+6}
 58336 | Vaults:5 | Noticed an ancient lich
 58372 | Vaults:5 | Killed an ancient lich
 58448 | Vaults:5 | Noticed Sojobo
 58484 | Vaults:5 | Received a gift from Okawaru
 58520 | Vaults:5 | Killed Sojobo
 58699 | Vaults:5 | Reached XP level 23. HP: 209/209 MP: 34/34
 58818 | Vaults:5 | Got the Papyrus of Cohobation and Forces
 59091 | Vaults:5 | Received a gift from Okawaru
 59280 | Vaults:5 | Identified the +5 rapier of Uncomfortable Rashes {vamp, Fly
                  | rPois}
 59415 | Arena    | Entered the Arena
 59671 | Vaults:5 | Identified the +10 quarterstaff "Death Rattle" {flame,
                  | rElec Int+4 SInv}
 59681 | Vaults:5 | Received a gift from Okawaru
 59712 | Vaults:5 | Got a silver rune of Zot
 60546 | Elf:1    | Entered Level 1 of the Elven Halls
 60617 | Elf:1    | Found a radiant altar of Vehumet.
 60719 | Elf:1    | Noticed Asterion
 60733 | Elf:1    | Killed Asterion
 60844 | Elf:1    | Got the Guide on Unhallowed Arts
 61151 | Elf:1    | Found Luik's Jewellery Boutique.
 61155 | Elf:1    | Found Winwat's Assorted Antiques.
 61155 | Elf:1    | Found Jaajel's Magic Scroll Shop.
 61162 | Elf:1    | Bought the amulet of the Amoeba {Reflect +Blink SH+5 SInv}
                  | for 723 gold pieces
 61176 | Elf:1    | Found Otijyowi's Magic Scroll Shop.
 61179 | Elf:1    | Bought a wand of quicksilver (6) for 856 gold pieces
 61179 | Elf:1    | Bought a wand of paralysis (7) for 571 gold pieces
 61183 | Elf:1    | Bought a scroll of fear for 44 gold pieces
 61183 | Elf:1    | Bought a scroll of blinking for 82 gold pieces
 61183 | Elf:1    | Bought a scroll of fear for 44 gold pieces
 61183 | Elf:1    | Bought a scroll of fog for 44 gold pieces
 61183 | Elf:1    | Bought a scroll of blinking for 82 gold pieces
 61186 | Elf:1    | Bought a scroll of teleportation for 45 gold pieces
 61429 | Elf:1    | Noticed Louise
 61453 | Elf:1    | Killed Louise
 61480 | Elf:1    | Found Miuwk's General Store.
 61485 | Elf:1    | Bought a scroll of teleportation for 33 gold pieces
 61624 | Elf:2    | Paralysed by an air elemental for 1 turns
 61638 | Elf:2    | Paralysed by an air elemental for 1 turns
 61738 | Elf:2    | Found a runed translucent gate.
 61738 | Elf:2    | Found a runed translucent gate.
 61745 | Elf:2    | Noticed Roxanne
 61757 | Elf:2    | Killed Roxanne
 61849 | Elf:2    | Found Dadeemen's Weapon Emporium.
 61988 | Elf:2    | Noticed Donald
 61991 | Elf:2    | Found Ogutuos's Antique Weapon Boutique.
 61996 | Elf:2    | Killed Donald
 61996 | Elf:2    | Received a gift from Okawaru
 62220 | Elf:2    | Found a runed translucent gate.
 62637 | Zot:1    | Entered Level 1 of the Realm of Zot
 63277 | Zot:2    | Identified the ring "Wuzxediguytt" {Ice rPois Int+3 Slay+2}
 63452 | Zot:2    | Noticed an orb of fire
 63456 | Arena    | Entered the Arena
 63482 | Arena    | Killed an orb of fire
 63483 | Arena    | Reached XP level 24. HP: 177/226 MP: 24/34
 63565 | Zot:3    | Found a transporter.
 63567 | Zot:3    | Found a transporter.
 64070 | Zot:5    | Entered Level 5 of the Realm of Zot
 64145 | Zot:5    | Identified the ring "Puanus" {rElec rC+ Will+ Str+2}
 64169 | Zot:5    | Identified the +3 chain mail "Xioneng" {rN+ Will+}
 64188 | Zot:5    | Noticed an orb of fire
 64196 | Zot:5    | Gained mutation: Your magical capacity is low. (-10% MP)
                  | [an orb of fire]
 64205 | Zot:5    | Killed an orb of fire
 64577 | Zot:5    | Received a gift from Okawaru
 64613 | Zot:5    | Noticed an ancient lich
 64626 | Zot:5    | Noticed an ancient lich
 64628 | Zot:5    | Killed an ancient lich
 64993 | Zot:5    | Killed an ancient lich
 65108 | Zot:5    | Noticed a dread lich
 65109 | Zot:5    | Noticed an orb of fire
 65111 | Arena    | Entered the Arena
 65113 | Arena    | Gained mutation: Your magical capacity is very low. (-20%
                  | MP) [an orb of fire]
 65115 | Arena    | Killed an orb of fire
 65128 | Zot:5    | Killed a dread lich
 65134 | Zot:5    | Noticed an orb of fire
 65136 | Arena    | Entered the Arena
 65147 | Arena    | Killed an orb of fire
 65162 | Zot:5    | Noticed a Killer Klown
 65166 | Zot:5    | Noticed a dread lich
 65176 | Zot:5    | Killed a Killer Klown
 65183 | Zot:5    | Killed a dread lich
 65193 | Zot:5    | Received a gift from Okawaru
 65230 | Zot:5    | Noticed a Killer Klown
 65259 | Zot:5    | Killed a Killer Klown
 65268 | Zot:5    | Noticed an orb of fire
 65273 | Zot:5    | Gained mutation: You are strong-willed. (Will+) [an orb of
                  | fire]
 65284 | Arena    | Entered the Arena
 65298 | Arena    | Gained mutation: You are clumsy. (Dex -2) [an orb of fire]
 65300 | Arena    | Killed an orb of fire
 65541 | Zot:5    | Got the Orb of Zot
 65558 | Zot:5    | Noticed a dread lich
 65569 | Arena    | Entered the Arena
 65575 | Arena    | Killed a dread lich
 65845 | Zot:2    | Reached XP level 25. HP: 248/248 MP: 27/27
 65956 | Depths:2 | Noticed Ujaamp the pandemonium lord
 66520 | D:1      | Lost mutation: Your magical capacity is very low. (-20% MP)
                  | [potion of mutation]
 66520 | D:1      | Lost mutation: You are clumsy. (Dex -2) [potion of
                  | mutation]
 66520 | D:1      | Lost mutation: You are strong-willed. (Will+) [potion of
                  | mutation]
 66520 | D:1      | Lost mutation: Your magical capacity is low. (-10% MP)
                  | [potion of mutation]
 66520 | D:1      | Gained mutation: You passively map a small area around you.
                  | [potion of mutation]
 66520 | D:1      | Gained mutation: You are dopey. (Int -2) [potion of
                  | mutation]
 66521 | D:1      | Lost mutation: You are dopey. (Int -2) [potion of mutation]
 66521 | D:1      | Lost mutation: You passively map a small area around you.
                  | [potion of mutation]
 66521 | D:1      | Gained mutation: You have a pair of small horns on your
                  | head. [potion of mutation]
 66521 | D:1      | Gained mutation: You are dopey. (Int -2) [potion of
                  | mutation]
 66521 | D:1      | Gained mutation: You have a pair of horns on your head.
                  | [potion of mutation]
 66522 | D:1      | Lost mutation: You are dopey. (Int -2) [potion of mutation]
 66522 | D:1      | Lost mutation: You have a pair of horns on your head.
                  | [potion of mutation]
 66522 | D:1      | Lost mutation: You have a pair of small horns on your head.
                  | [potion of mutation]
 66522 | D:1      | Gained mutation: You have a somewhat thin skeletal
                  | structure. (Dex +2, Stealth+) [potion of mutation]
 66550 | D:$      | Escaped with the Orb!

Illustrated notes

Levels and vault maps discovered:
D:1:      dpeg_arrival_morbid_curiosity, layout_basic,
          ebering_ecumenical_altar_mist
D:2:      layout_basic, minmay_pentomino_x4
D:3:      minmay_recursive_quarters, layout_loops_ring, evilmike_ruin_ashenzari,
          moated_statue
D:4:      layout_basic, nicolae_ru_great_annihilating_truth, serial_shops, shop,
          nrook_loot_triangle, chequers_serial_rivers_large_b
D:5:      gammafunk_wand_slinger, layout_loops_ring,
          nicolae_yredelemnul_ghost_church,
          lemuel_mausoleum_altar_kikubaaqudgha, serial_shops, shop,
          uniq_crazy_yiuf_cottage, uniq_blork_the_orc
D:6:      layout_rooms, okawaru_altar_gauntlet_db, overflow_temple_1_default,
          minmay_temple_entry_glass, nicolae_shop_firing_range
D:7:      layout_rooms, kennysheep_mini, grunt_gozag_statues,
          hangedman_abyss_or_decor_lesser_grid, nicolae_shop_i_like_big_books
D:8:      layout_layer_cave, fedhas_altar_1, grunt_temple_overflow_open,
          mainiacjoe_overflow_small_starburst, nzn_ghost_randoct, serial_shops,
          shop, serial_library_hellmonk_small_corner
D:9:      layout_cave_pools, nicolae_vehumet_radiance, lair_entry_dummy,
          minmay_orc_entry_temple_large, serial_demonic, serial_demonic_g,
          serial_demonic_a, serial_demonic_f, serial_demonic_c,
          serial_demonic_c, serial_demonic_e, blue_anna_alchemist,
          kennysheep_generic_room_6
D:10:     layout_gridville, nemelex_xobeh_ov_fountains_minmay,
          grunt_decor_junction
D:11:     gammafunk_corrupted_shrine, layout_loops_ring, ebering_ghost_gozag,
          nicolae_sif_muna_condensation
D:12:     layout_cave_pods, uniq_erolcha
D:13:     layout_small_grid, led_xom_imps, uniq_rupert
D:14:     bobbens_index_wilting_gardens, layout_irregular_city,
          grunt_vaults_entry_tiered, solitary_fountain, uniq_agnes
D:15:     hangedman_depths_entry_civil_slaughter, layout_irregular_city,
          nicolae_tricolors, chequers_serial_rivers_small_b, eino_curves_03,
          uniq_nessos
Temple:   nicolae_temple_little_seven
Lair:1:   layout_small_grid, uniq_maggie, uniq_amaemon
Lair:2:   layout_cave_shapes, spider_nest_entry_a, roderic_batcave,
          serial_bayou_shore_b, uniq_prince_ribbit2
Lair:3:   layout_cave_shapes, skrybe_swamp_entry_bodies, wad_woods_03,
          grunt_megastairs_5, uniq_gastronok
Lair:4:   layout_big_grid, minmay_slime_entry_oklob_open,
          portal_ice_cave_entry_pillars_2, serial_bayou_lake_a
Swamp:1:  layout_falls_marsh, gammafunk_ghost_necromancy,
          evilmike_swamp_ruin_house_5, swamp_pool_4, nicolae_swamp_spooky_pond,
          nicolae_swamp_tree_isthmus
Swamp:2:  layout_basic_swamp, serial_swamp_ruin, hangedman_swamp_ruin_wall,
          evilmike_swamp_ruin_house_1, evilmike_swamp_ruin_house_4, swamp_pool_5
Swamp:3:  layout_basic_swamp, lemuel_altar_in_water,
          nicolae_swamp_decorative_isthmus
Swamp:4:  grunt_swamp_rune_castle, layout_basic_swamp
Spider:1: layout_chambers, uniq_aizul, uniq_kirke
Spider:2: layout_spider_delve
Spider:3: layout_spider_delve, uniq_mara
Spider:4: floodkiller_spider_rune_tomb, gammafunk_ghost_mausoleum
Orc:1:    cheibrodos_orc_bank, layout_caves, gammafunk_ghost_wrathful_warriors,
          mines1_david
Orc:2:    st_orc_congregation, layout_caves, nicolae_orc_damp_corner,
          mines3_lemuel
Elf:1:    eino_elf_arrival_altar, layout_loops_corners, serial_shops,
          nicolae_shop_rolling_square, minmay_elf_necromancy,
          minmay_crystal_room, minmay_shoptagon, uniq_louise, uniq_asterion
Elf:2:    elven_hall_of_blades_hangedman_original [mumra_blade_entry_dagger],
          layout_loops_cross, serial_shops, shop, nicolae_shop_window_shopping,
          uniq_roxanne, uniq_donald
Vaults:1: ebering_ghost_reflecting_pool, nicolae_vaults_border_crossing,
          vaults_standard_mumra_x, v_misc_12, v_misc_25, v_alt_pattern_4,
          ontoclasm_vaults_loading_screen, nicolae_vaults_shelves_hall,
          vaults_room_semicircle, layout_vaults_maze_snakey, serial_shops, shop
Vaults:2: vaults_room_door_hall, nicolae_vaults_taking_the_gang_shopping,
          nicolae_vaults_back_hallway, nicolae_vaults_storage_closets_1,
          minmay_crypt_entry_simple_statues, nicolae_vaults_little_squares_1,
          nicolae_vaults_loss_of_containment, nicolae_vaults_shelves_hall,
          v_rooms_2, layout_vaults_big_room
Vaults:3: nicolae_vaults_network_quinsquares
          [nicolae_vaults_network_quincunx_subvault,
          nicolae_vaults_network_quincunx_subvault,
          nicolae_vaults_network_quincunx_subvault,
          nicolae_vaults_network_quincunx_subvault],
          nicolae_vaults_double_plus_1, hangedman_vaults_restitches,
          nicolae_vaults_inception_corners, nicolae_vaults_trapezoid_3,
          ontoclasm_vaults_misaligned, nicolae_vaults_little_squares_5,
          nicolae_vaults_museum, grunt_vaults_focal, layout_vaults_omnibox,
          uniq_bai_suzhen
Vaults:4: hangedman_vaults_restitches, v_misc_4, vaults_mumra_chevron_long,
          v_alt_pattern_2, nicolae_vaults_gold_heap,
          nicolae_vaults_trapezoid_lopsided_3, nicolae_vaults_meiosis,
          nicolae_vaults_hexular_roomagon, nicolae_vaults_network_square,
          ontoclasm_vaults_eye, nicolae_vaults_little_squares_3, v_misc_22,
          layout_vaults_ring
Vaults:5: uniq_sojobo
Depths:1: hangedman_box_tower, layout_gridlike, hell_entry,
          nicolae_concentric_dashed_squares_mild, hangedman_decor_riveting
Depths:2: grunt_profane_halls [grunt_profane_loot, grunt_profane_temple_geh,
          grunt_profane_temple_dis, grunt_profane_temple_tar,
          grunt_profane_temple_coc], hell_entry, abyss_entry, pan_entry
Depths:3: nooodl_glass_maze, layout_cave_pools, pf_coc_iceberg,
          abyss_entry_flame_altar, nicolae_elyvilon_temple_path,
          uniq_enchantress
Depths:4: grunt_zot_entry_tricorne, layout_long_grid, abyss_entry,
          pf_vacation_house_of_asmodeus, hangedman_abyss_or_decor_clamps
Zot:1:    layout_onion, zot_minivault_1, grunt_megastairs_1
Zot:2:    lemuel_firehouse, layout_cathedral_of_symmetry,
          ebering_ghost_disaster_area,
          regret_index_zotdec_silver_v_v_orig_slice, uniq_parghit
Zot:3:    layout_gridlike, regret_index_zotdec_gossamer_parallel,
          serial_nicolae_subway, nicolae_sub_station_crystal,
          nicolae_sub_station_stone, nicolae_sub_station_metal
Zot:4:    layout_onion_interference
Zot:5:    layout_cellular_growth

Skill      XL: |  1  2  3  4  5  6  7  8  9 10 11 12 13 14 15 16 17 18 19 20 21 22 23 24 25 |
---------------+----------------------------------------------------------------------------+-----
Maces & Flails | 3 4 5 6 7 9 11 12 13 14 | 14.0
Fighting       | 7 11 12 15 18 20 24 25 | 25.4
Invocations    | 10 14 15 | 15.0
Evocations     | 5 10 | 10.0
Armour         | 6 11 12 13 15 17 20 | 20.0
Axes           | 6 14 | 14.0
Shields        | 4 9 12 15 19 22 25 | 25.4
Throwing       | 6 7 8 13 14 16 | 16.0

Action                     |  1- 3 |  4- 6 |  7- 9 | 10-12 | 13-15 | 16-18 | 19-21 | 22-24 | 25-27 || total
---------------------------+-------+-------+-------+-------+-------+-------+-------+-------+-------++-------
  Melee: Flail             |   144 |   212 |   184 |       |       |       |       |       |       ||   540
         Dire flail        |       |       |   213 |   420 |       |       |       |       |       ||   633
         Broad axe         |       |       |       |   362 |       |       |       |       |       ||   362
         Eveningstar       |       |       |       |    13 |  1346 |  1940 |  2173 |  2384 |   118 ||  7974
  Throw: Dart              |       |       |       |     2 |     1 |       |       |       |       ||     3
         Javelin           |       |       |       |       |     1 |    11 |   133 |    48 |       ||   193
         Boomerang         |       |       |       |       |       |    65 |    11 |    14 |       ||    90
 Invoke: Finesse           |       |       |       |     2 |     1 |     3 |     8 |    11 |     1 ||    26
         Heroism           |       |       |       |     2 |     1 |     1 |     3 |     2 |       ||     9
         Receive Weapon    |       |       |       |     1 |       |       |       |       |       ||     1
         Receive Armour    |       |       |       |     1 |       |       |       |       |       ||     1
         Duel              |       |       |       |       |       |     2 |     1 |     7 |       ||    10
  Evoke: Wand              |       |       |       |    16 |     3 |     2 |     2 |     1 |       ||    24
    Use: Potion            |       |     1 |     2 |     2 |     4 |     2 |     1 |    15 |     4 ||    31
         Scroll            |       |       |       |    21 |    10 |    10 |     3 |    20 |     2 ||    66
   Stab: Paralysed         |       |     1 |       |    16 |     4 |     3 |       |       |       ||    24
         Petrified         |       |       |       |     3 |       |       |       |       |       ||     3
         Distracted        |       |       |       |       |     1 |     1 |     1 |       |       ||     3
         Invisible         |       |       |       |       |       |     3 |       |       |       ||     3
 Armour: Scale mail        |   109 |       |       |       |       |       |       |       |       ||   109
         Chain mail        |    26 |   160 |   321 |   705 |   709 |  1022 |   865 |   175 |       ||  3983
         Gold dragon scale |       |       |       |       |       |       |       |   758 |    25 ||   783
  Dodge: Dodged            |    59 |    61 |   102 |   305 |   262 |   307 |   207 |   145 |     1 ||  1449
         Repelled          |     1 |    12 |     9 |    17 |     5 |       |       |       |       ||    44
  Block: Buckler           |    35 |    46 |    25 |    24 |   173 |       |       |       |       ||   303
         Tower shield      |       |       |       |       |   978 |  2829 |  2806 |  2639 |   130 ||  9382
         Reflection        |       |       |       |       |       |       |    14 |   116 |     4 ||   134

Table legend: (Time is in decaauts)
 A = Elapsed time spent in this place.
 B = Non-inter-level travel time spent in this place.
 C = Inter-level travel time spent in this place.
 D = Time resting spent in this place.
 E = Time spent auto-exploring this place.
 F = Levels seen in this place.
 G = Mean time per level.
                   A        B        C        D        E       F      G
               +--------+--------+--------+--------+--------+-----+--------+
         Total |  64631 |  59294 |   5337 |   8545 |  32412 |  57 | 1133.9 |
       Dungeon |  21930 |  19497 |   2433 |   2697 |  12009 |  15 | 1462.0 |
        Temple |      1 |      1 |      0 |      0 |      0 |   1 |    1.0 |
          Lair |   7004 |   6440 |    564 |   1755 |   3225 |   4 | 1751.0 |
         Swamp |   5016 |   4692 |    324 |    323 |   2794 |   4 | 1254.0 |
   Spider Nest |   6223 |   5974 |    249 |   1193 |   2785 |   4 | 1555.8 |
  Orcish Mines |   3218 |   2676 |    542 |    231 |   1567 |   2 | 1609.0 |
   Elven Halls |   1671 |   1582 |     89 |      4 |   1141 |   2 |  835.5 |
        Vaults |   8435 |   7784 |    651 |    527 |   4213 |   5 | 1687.0 |
        Depths |   7467 |   7062 |    405 |    738 |   3919 |   4 | 1866.8 |
           Zot |   2762 |   2686 |     76 |    956 |    406 |   5 |  552.4 |
      Ice Cave |    710 |    710 |      0 |     90 |    350 |   1 |  710.0 |
         Arena |    189 |    189 |      0 |     28 |      0 |  10 |   18.9 |
               +--------+--------+--------+--------+--------+-----+--------+

Top non-repeatable levels by time:
  Lair:1: 2981 daAuts
Depths:1: 2871 daAuts
    D:14: 2573 daAuts
Spider:4: 2339 daAuts
     D:5: 2211 daAuts
     D:8: 2175 daAuts
     D:9: 2107 daAuts
Depths:2: 2089 daAuts
   Orc:2: 2042 daAuts
Vaults:5: 1845 daAuts
  Lair:2: 1760 daAuts
Vaults:3: 1696 daAuts
Vaults:1: 1696 daAuts
 Swamp:1: 1670 daAuts
    D:13: 1641 daAuts
